 Dungeon Crawl Stone Soup version 0.30-b1-2-g02819fbbbe (webtiles) character file.

Game seed: 1238471184918382550

5 UristMacStoneSoup the Sneak (level 1, -1/16 HPs)
             Began as a Demonspawn Brigand on May 13, 2023.
             Slain by an adder (4 damage)
             ... on level 2 of the Dungeon.
             The game lasted 00:01:04 (140 turns).

UristMacStoneSoup the Sneak (Demonspawn Brigand)     Turns: 140, Time: 00:01:04

Health: -1/16      AC:  3    Str: 11    XL:     1   Next: 66%
Magic:  1/1        EV: 11    Int: 12    God:
Gold:   38         SH:  0    Dex: 14    Spells: 0/0 levels left

rFire   . . .        a - +2 dagger
rCold   . . .        (no shield)
rNeg    . . .        b - +0 robe
rPois   .            (no helmet)
rElec   .            c - +0 cloak
rCorr   .            (no gloves)
SInv    .            (no boots)
Will    .....        (no amulet)
Stlth   +++          (no ring)
HPRegen 0.22/turn    (no ring)
MPRegen 0.07/turn

%: no passive effects
@: no status effects
A: no striking features
a: no special abilities


You were on level 2 of the Dungeon.
You visited 1 branch of the dungeon, and saw 2 of its levels.

You collected 38 gold pieces.

Inventory:

Hand Weapons
 a - a +2 dagger (weapon)
Missiles
 d - 9 poisoned darts (quivered)
 e - 3 curare-tipped darts
Armour
 b - a +0 robe (worn)
 c - a +0 cloak (worn)
Scrolls
 g - a scroll of identify {unknown}
Potions
 f - a potion of flight {unknown}


   Skills:
 + Level 2.0 Fighting
 + Level 1.8 Short Blades
 + Level 1.7 Throwing
 + Level 0.8 Dodging
 + Level 3.9 Stealth


You couldn't memorise any spells.
You didn't know any spells.
Your spell library contained the following spells:

 Spells                   Type           Power      Damage    Failure   Level
 Summon Small Mammal      Summ           0%         N/A       32%         1
 Call Canine Familiar     Summ           0%         N/A       69%         3
 Summon Guardian Golem    Hex/Summ       0%         N/A       69%         3


Dungeon Overview and Level Annotations

Branches:
Dungeon (2/15)

Altars:

Shops:
D:2 :


Message History

You hit the bat. Your punch misses the bat.
The bat is moderately wounded.
The bat barely misses you.
An adder comes into view.
The adder hisses angrily.
The bat barely misses you.
Found 10 gold pieces.
The bat misses you.
You barely miss the bat. The bat closely misses you.
The bat hits you but does no damage.
You hit the adder but do no damage. The bat hits you. The adder bites you.
The adder bites you but does no damage.
You hit the adder but do no damage. The bat hits you but does no damage.
The adder bites you.
You miss the adder. The bat barely misses you. The adder closely misses you.
You miss the adder. The bat barely misses you. The bat hits you.
The adder barely misses you.
You hit the adder but do no damage. The bat hits you but does no damage.
The adder completely misses you. The bat barely misses you.
You hit the adder.
The adder is lightly wounded.
The bat hits you. The bat closely misses you. The adder bites you.
* * * LOW HITPOINT WARNING * * *
The adder bites you but does no damage. The bat completely misses you.
You barely miss the adder.
The adder is lightly wounded.
The adder closely misses you.
You hit the adder but do no damage.
The adder is lightly wounded.
The bat barely misses you. The adder barely misses you.
You miss the adder.
The adder is lightly wounded.
The adder closely misses you.
You hit the adder.
The adder is moderately wounded.
The bat hits you but does no damage. The adder closely misses you.
You hit the adder.
The adder is heavily wounded.
The adder bites you but does no damage. The bat barely misses you.
The adder bites you.
You die...

#..... . #....#
.#.. #....# #.. .
#.#..# ##∩# ..
##....##..# ...
#...#...#.#.#.#
##.#.#..........
................
###.#..#.@.......
#.##...Sb......
...............
##.#..>.........
................
...............
................
....$...........


You could see an adder and a bat.

Vanquished Creatures
  An endoplasm (D:2)
  A hobgoblin (D:1)
  A kobold (D:1)
  A ball python (D:1)
  A rat (D:1)
5 creatures vanquished.

Notes
Turn   | Place    | Note
-------+----------+-------------------------------------------
     0 | D:1      | UristMacStoneSoup the Demonspawn Brigand began the quest
                  | for the Orb.
     0 | D:1      | Reached XP level 1. HP: 16/16 MP: 1/1
   108 | D:1      | You fall into a shaft and drop 1 floor!
   114 | D:2      | Found Niov's Book Shoppe.
   140 | D:2      | Slain by an adder

Illustrated notes

Levels and vault maps discovered:
D:1:      dpeg_arrival_another_circle, layout_rooms,
          amcnicky_mini_corridor_feature
D:2:      layout_rooms, serial_shops, nicolae_book_shop_shelving,
          serial_park_tiny_1

Action                     || total
---------------------------++-------
  Melee: Dagger            ||    23
   Stab: Sleeping          ||     1
 Armour: Robe              ||    11
  Dodge: Dodged            ||    21
